Ducks vs Jets

Created - 27 mars 2021 at 20:29

Goals
1 2 3 T
Ducks 1 0 1 2
Jets 2 1 1 4
Shots
1 2 3 T
Ducks 7 9 9 25
Jets 17 10 12 39

1st period

1. Jets , Nikita Zaitsev 3 (Mats Zuccarello 32, Hampus Lindholm 28) at 7:41
2. Ducks , T.J. Brodie 12 (Marcus Johansson 29, Brandon Sutter 36) at 8:33
3. Jets , Zach Parise 31 (Brock Nelson 41, Hampus Lindholm 29) at 13:32

Penalties :
Tucker Poolman (ANA) for Hooking (Minor) at 4:17

2nd period

4. Jets , Hampus Lindholm 11 (Patrik Nemeth 18, Bryan Rust 41) at 1:50 (PP)

Penalties :
Calvin de Haan (ANA) for Holding Stick (Minor) at 0:11, Luke Schenn (ANA) for Tripping (Minor) at 7:59, Luke Schenn (ANA) for Roughing (Minor) at 11:37

3rd period

5. Ducks , Jacob de La Rose 5 (Josh Manson 22) at 6:44
6. Jets , Zach Parise 32 (Brock Nelson 42, Hampus Lindholm 30) at 17:01

Penalties :
Calvin de Haan (ANA) for Hooking (Minor) at 11:45

Goalie Stats

Antti Raanta (ANA), 35 saves from 39 shots - (0,897), L, 23-22-8, 60:00 minutes
Ben Bishop (WPG), 23 saves from 25 shots - (0,920), W, 45-14-7, 60:00 minutes

Players Stats for Ducks

Player Name              G  A  P  +/- PIM S  H  SB GA TA FO     MP     PP MP  PK MP  
------------------------------------------------------------------------------------
Anders Lee               0  0  0   0  0   2  0  1  0  0  0/1    16:46   0:00   6:34 
Artem Anisimov           0  0  0   1  0   2  1  0  0  0  1/1    16:08   0:00   0:00 
Brandon Sutter           0  1  1   1  0   4  1  0  0  0  1/1    16:08   0:00   0:00 
Brett Connolly           0  0  0   0  0   1  0  0  0  0  1/3    11:12   0:00   1:00 
Calvin de Haan           0  0  0   1  4   0  6  0  0  0  0/0    24:11   0:00   2:20 
Derek Forbort            0  0  0  -2  0   0  4  4  0  0  0/0    20:43   0:00   4:28 
Derek Stepan             0  0  0  -2  0   3  0  0  0  0  18/38  21:59   0:00   6:05 
Jack Roslovic            0  0  0   0  0   1  0  0  0  0  0/0     8:11   0:00   0:00 
Jacob de La Rose         1  0  1   0  0   3  2  0  0  0  3/16   10:49   0:00   0:37 
Josh Manson              0  1  1   1  0   1  1  4  0  0  0/0    26:28   0:00   4:35 
Kyle Turris              0  0  0   0  0   0  0  0  0  0  3/6    10:44   0:00   2:33 
Luke Kunin               0  0  0  -2  0   2  1  0  0  0  0/1    15:54   0:00   0:00 
Luke Schenn              0  0  0   0  4   0  4  0  0  0  0/0    12:38   0:00   0:23 
Marcus Johansson         0  1  1   1  0   3  1  0  0  0  10/19  18:42   0:00   2:34 
Michael Raffl            0  0  0  -2  0   2  1  0  0  0  0/0    15:54   0:00   0:00 
T.J. Brodie              1  0  1  -2  0   1  1  2  0  0  0/0    21:10   0:00   4:55 
Tomas Nosek              0  0  0   0  0   0  2  0  0  0  0/0     8:11   0:00   0:00 
Tucker Poolman           0  0  0   0  2   0  0  1  0  0  0/0    14:32   0:00   2:16 

Players Stats for Jets

Player Name              G  A  P  +/- PIM S  H  SB GA TA FO     MP     PP MP  PK MP  
------------------------------------------------------------------------------------
Brock Nelson             0  2  2   2  0   3  1  2  0  0  22/34  22:00   5:10   0:00 
Bryan Rust               0  1  1   2  0   5  4  0  0  0  1/1    22:00   5:10   0:00 
Evgenii Dadonov          0  0  0   0  0   2  0  0  0  0  1/2    19:57   4:25   0:00 
Hampus Lindholm          1  3  4   1  0   3  2  1  0  0  0/0    21:26   5:04   0:00 
Jaccob Slavin            0  0  0   0  0   2  1  0  0  0  0/0    22:44   4:31   0:00 
Jay Bouwmeester          0  0  0   0  0   0  0  0  0  0  0/0    15:13   0:00   0:00 
Joel Eriksson Ek         0  0  0  -1  0   2  0  0  0  0  8/12   11:40   0:00   0:00 
Kasperi Kapanen          0  0  0   0  0   1  0  0  0  0  0/0     6:23   0:00   0:00 
Keith Yandle             0  0  0   0  0   0  1  0  0  0  0/0    23:21   4:31   0:00 
Mathew Barzal            0  0  0   0  0   5  4  0  0  0  9/20   19:57   4:25   0:00 
Mats Zuccarello          0  1  1   0  0   3  1  1  0  0  1/3    19:57   4:25   0:00 
Mikko Koivu              0  0  0   0  0   0  1  0  0  0  6/10    6:23   0:00   0:00 
Nick Schmaltz            0  0  0  -1  0   0  0  0  0  0  0/0    11:40   0:00   0:00 
Nikita Zaitsev           1  0  1   1  0   1  4  0  0  0  0/0    16:59   0:00   0:00 
Patrik Nemeth            0  1  1   0  0   2  0  1  0  0  0/0    20:17   5:04   0:00 
Scott Laughton           0  0  0  -1  0   0  1  0  0  0  0/1    11:40   0:00   0:00 
Tim Schaller             0  0  0   0  0   2  0  0  0  0  0/1     6:23   0:00   0:00 
Zach Parise              2  0  2   2  0   8  2  0  0  0  1/2    22:00   5:10   0:00 

3 Stars

1 - Hampus Lindholm (WPG)
2 - Zach Parise (WPG)
3 - Nikita Zaitsev (WPG)

Power Play

Ducks - 0 on 0 Attempt(s) - 0,00%
Jets - 1 on 5 Attempt(s) - 20,00%

Penalty Kill

Ducks - 4 on 5 Attempt(s) - 80,00% - Score 0 goal in Penalty Kill
Jets - 0 on 0 Attempt(s) - 0,00% - Score 0 goal in Penalty Kill

Team Stat

Ducks - Hits : 25 - Faceoff Wins : 37 - Blocked Shots : 12 - Penalty Minutes : 10
Jets - Hits : 22 - Faceoff Wins : 49 - Blocked Shots : 5 - Penalty Minutes : 0

Official

Referees : Chris Rooney and Dan Kelly
Linesman : Ryan Gibbons and Jaime Alary

Game Notes

No Game Note

Finance

Level 1 -- Attendance: 5981 (99,68%) -- Ticket Income 717 720 $
Level 2 -- Attendance: 3138 (62,76%) -- Ticket Income 345 180 $
Level 3 -- Attendance: 1874 (85,18%) -- Ticket Income 187 400 $
Level 4 -- Attendance: 1016 (100,00%) -- Ticket Income 91 440 $
Luxury Box -- Attendance: 603 (75,38%) -- Ticket Income 205 020 $
Game was played at the MTS Center.
Total Attendance: 12612 (83,99%)
Total Ticket Income: 1 546 760 $
Other Income: 757 912 $
Total Income: 2 304 672 $

% Time on Ice - Ducks

Lines # - Real PCT - Wanted PCT - Time Play
Normal Forward
1 - 32% - 40% - 15:54
2 - 32% - 30% - 16:08
3 - 20% - 20% - 10:12
4 - 16% - 10% - 8:11
Normal Defense
1 - 37% - 40% - 18:46
2 - 32% - 30% - 16:15
3 - 24% - 20% - 12:17
4 - 6% - 10% - 3:07
PP Forward
1 - 0% - 60%
2 - 0% - 40%
PP Defense
1 - 0% - 60%
2 - 0% - 40%
PK Forward
1 - 71% - 60% - 6:49
2 - 29% - 40% - 2:46
PK Defense
1 - 50% - 60% - 4:45
2 - 50% - 40% - 4:50
PK3 Forward
1 - 0% - 60%
2 - 0% - 40%
PK3 Defense
1 - 0% - 60%
2 - 0% - 40%
44 Forward
1 - 0% - 60%
2 - 0% - 40%
44 Defense
1 - 0% - 60%
2 - 0% - 40%
Last Minute Offensive  - 0:00
Last Minute Defensive  - 0:00
Total
Forward - 60:00
Defense - 60:00

% Time on Ice - Jets

Lines # - Real PCT - Wanted PCT - Time Play
Normal Forward
1 - 33% - 43% - 16:50
2 - 31% - 34% - 15:32
3 - 23% - 16% - 11:40
4 - 13% - 7% - 6:23
Normal Defense
1 - 36% - 40% - 18:13
2 - 34% - 30% - 16:59
3 - 21% - 20% - 10:46
4 - 9% - 10% - 4:27
PP Forward
1 - 54% - 60% - 5:10
2 - 46% - 40% - 4:25
PP Defense
1 - 47% - 60% - 4:31
2 - 53% - 40% - 5:04
PK Forward
1 - 0% - 60%
2 - 0% - 40%
PK Defense
1 - 0% - 60%
2 - 0% - 40%
PK3 Forward
1 - 0% - 60%
2 - 0% - 40%
PK3 Defense
1 - 0% - 60%
2 - 0% - 40%
44 Forward
1 - 0% - 60%
2 - 0% - 40%
44 Defense
1 - 0% - 60%
2 - 0% - 40%
Last Minute Offensive  - 0:00
Last Minute Defensive  - 0:00
Total
Forward - 60:00
Defense - 60:00

Play-by-Play

1st period


0:01 of 1st period - Brock Nelson wins face-off versus Derek Stepan in neutral zone.
1:18 of 1st period - Shot by Brandon Sutter.
1:18 of 1st period - Stopped by Ben Bishop without a rebound.
1:19 of 1st period - Joel Eriksson Ek wins face-off versus Brett Connolly in Jets zone.
1:42 of 1st period - Shot by Nick Schmaltz.
1:42 of 1st period - Shot Misses the Net.
1:54 of 1st period - Shot by Joel Eriksson Ek.
1:54 of 1st period - Stopped by Antti Raanta without a rebound.
1:55 of 1st period - Kyle Turris wins face-off versus Mikko Koivu in Ducks zone.
2:36 of 1st period - Kasperi Kapanen is hit by T.J. Brodie and loses puck.
3:21 of 1st period - Bryan Rust is hit by Tomas Nosek and loses puck.
4:03 of 1st period - Icing by Patrik Nemeth.
4:04 of 1st period - Mathew Barzal wins face-off versus Derek Stepan in Jets zone.
4:04 of 1st period - Mathew Barzal is hit by Luke Kunin.
4:11 of 1st period - Mats Zuccarello is hit by Luke Schenn and loses puck.
4:17 of 1st period - Minor Penalty to Tucker Poolman for Hooking.
4:18 of 1st period - Brock Nelson wins face-off versus Derek Stepan in Ducks zone.
4:35 of 1st period - Josh Manson is hit by Bryan Rust and loses puck.
4:52 of 1st period - Shot by Keith Yandle.
4:52 of 1st period - Deflect By Bryan Rust.
4:52 of 1st period - Shot Blocked by Anders Lee.
5:27 of 1st period - Icing by Hampus Lindholm.
5:28 of 1st period - Mathew Barzal wins face-off versus Derek Stepan in Jets zone.
6:23 of 1st period - Shot by Jacob de La Rose.
6:23 of 1st period - Stopped by Ben Bishop without a rebound.
6:24 of 1st period - Joel Eriksson Ek wins face-off versus Derek Stepan in Jets zone.
6:29 of 1st period - Shot by Derek Stepan.
6:29 of 1st period - Stopped by Ben Bishop without a rebound.
6:30 of 1st period - Joel Eriksson Ek wins face-off versus Marcus Johansson in Jets zone.
7:01 of 1st period - Icing by Patrik Nemeth.
7:02 of 1st period - Derek Stepan wins face-off versus Joel Eriksson Ek in Jets zone.
7:05 of 1st period - Shot by Michael Raffl.
7:05 of 1st period - Stopped by Ben Bishop without a rebound.
7:06 of 1st period - Derek Stepan wins face-off versus Brock Nelson in Jets zone.
7:07 of 1st period - Shot by Michael Raffl.
7:07 of 1st period - Shot Blocked by Brock Nelson.
7:12 of 1st period - Off-side.
7:13 of 1st period - Brock Nelson wins face-off versus Derek Stepan in neutral zone.
7:26 of 1st period - Shot by Jaccob Slavin.
7:26 of 1st period - Shot Blocked by Josh Manson.
7:28 of 1st period - Shot by Zach Parise.
7:28 of 1st period - Shot Misses the Net.
7:30 of 1st period - Shot by Jaccob Slavin.
7:30 of 1st period - Stopped by Antti Raanta without a rebound.
7:31 of 1st period - Mathew Barzal wins face-off versus Jacob de La Rose in Ducks zone.
7:31 of 1st period - Hampus Lindholm is hit by Derek Forbort.
7:38 of 1st period - Mats Zuccarello is hit by Derek Forbort and loses puck.
7:41 of 1st period - Shot by Nikita Zaitsev.
7:41 of 1st period - Goal by Nikita Zaitsev - Ducks : 0 - Jets : 1.
7:42 of 1st period - Brock Nelson wins face-off versus Derek Stepan in neutral zone.
8:03 of 1st period - Shot by Brock Nelson.
8:03 of 1st period - Stopped by Antti Raanta without a rebound.
8:04 of 1st period - Brandon Sutter wins face-off versus Mats Zuccarello in Ducks zone.
8:04 of 1st period - Brandon Sutter is hit by Mathew Barzal.
8:31 of 1st period - Shot by Marcus Johansson.
8:31 of 1st period - Shot Blocked by Hampus Lindholm.
8:33 of 1st period - Shot by T.J. Brodie.
8:33 of 1st period - Goal by T.J. Brodie - Ducks : 1 - Jets : 1.
8:34 of 1st period - Brock Nelson wins face-off versus Derek Stepan in neutral zone.
9:55 of 1st period - Shot by Mats Zuccarello.
9:55 of 1st period - Shot Misses the Net.
10:02 of 1st period - Anders Lee is hit by Mathew Barzal and loses puck.
10:35 of 1st period - Shot by Nick Schmaltz.
10:35 of 1st period - Shot Misses the Net.
10:37 of 1st period - Shot by Joel Eriksson Ek.
10:37 of 1st period - Stopped by Antti Raanta without a rebound.
10:38 of 1st period - Mikko Koivu wins face-off versus Kyle Turris in Ducks zone.
10:41 of 1st period - Shot by Tim Schaller.
10:41 of 1st period - Deflect By Kasperi Kapanen.
10:41 of 1st period - Shot Misses the Net.
10:51 of 1st period - Shot by Tim Schaller.
10:51 of 1st period - Stopped by Antti Raanta without a rebound.
10:52 of 1st period - Derek Stepan wins face-off versus Joel Eriksson Ek in Ducks zone.
11:17 of 1st period - Luke Kunin is hit by Keith Yandle and loses puck.
12:40 of 1st period - Shot by Brock Nelson.
12:40 of 1st period - Stopped by Antti Raanta without a rebound.
12:41 of 1st period - Mathew Barzal wins face-off versus Jacob de La Rose in Ducks zone.
12:46 of 1st period - Shot by Mathew Barzal.
12:46 of 1st period - Stopped by Antti Raanta without a rebound.
12:47 of 1st period - Mathew Barzal wins face-off versus Brett Connolly in Ducks zone.
13:12 of 1st period - Shot by Mats Zuccarello.
13:12 of 1st period - Stopped by Antti Raanta without a rebound.
13:13 of 1st period - Brock Nelson wins face-off versus Derek Stepan in Ducks zone.
13:30 of 1st period - Shot by Brock Nelson.
13:30 of 1st period - Shot Misses the Net.
13:32 of 1st period - Shot by Zach Parise.
13:32 of 1st period - Goal by Zach Parise - Ducks : 1 - Jets : 2.
13:33 of 1st period - Kyle Turris wins face-off versus Mathew Barzal in neutral zone.
15:00 of 1st period - Shot by Bryan Rust.
15:00 of 1st period - Shot Blocked by Josh Manson.
15:02 of 1st period - Shot by Brock Nelson.
15:02 of 1st period - Deflect By Zach Parise.
15:02 of 1st period - Shot Blocked by Josh Manson.
15:06 of 1st period - Shot by Bryan Rust.
15:06 of 1st period - Deflect By Brock Nelson.
15:06 of 1st period - Shot Misses the Net.
15:08 of 1st period - Shot by Patrik Nemeth.
15:08 of 1st period - Stopped by Antti Raanta with a rebound.
15:10 of 1st period - Shot by Bryan Rust.
15:10 of 1st period - Stopped by Antti Raanta without a rebound.
15:11 of 1st period - Mikko Koivu wins face-off versus Derek Stepan in Ducks zone.
15:15 of 1st period - Icing by T.J. Brodie.
15:16 of 1st period - Mikko Koivu wins face-off versus Derek Stepan in Ducks zone.
15:36 of 1st period - Shot by Mikko Koivu.
15:36 of 1st period - Shot Misses the Net.
15:38 of 1st period - Shot by Tim Schaller.
15:38 of 1st period - Stopped by Antti Raanta without a rebound.
15:39 of 1st period - Brock Nelson wins face-off versus Marcus Johansson in Ducks zone.
15:47 of 1st period - Zach Parise is hit by Luke Schenn and loses puck.
15:58 of 1st period - Shot by Bryan Rust.
15:58 of 1st period - Stopped by Antti Raanta without a rebound.
15:59 of 1st period - Derek Stepan wins face-off versus Mathew Barzal in Ducks zone.
16:01 of 1st period - Icing by Michael Raffl.
16:02 of 1st period - Mathew Barzal wins face-off versus Derek Stepan in Ducks zone.
16:02 of 1st period - Evgenii Dadonov is hit by Derek Forbort and loses puck.
16:09 of 1st period - Shot by Mathew Barzal.
16:09 of 1st period - Stopped by Antti Raanta without a rebound.
16:10 of 1st period - Artem Anisimov wins face-off versus Brock Nelson in Ducks zone.
16:17 of 1st period - Shot by Bryan Rust.
16:17 of 1st period - Deflect By Zach Parise.
16:17 of 1st period - Stopped by Antti Raanta without a rebound.
16:18 of 1st period - Derek Stepan wins face-off versus Brock Nelson in Ducks zone.
16:18 of 1st period - Derek Stepan is hit by Zach Parise.
16:41 of 1st period - Keith Yandle is hit by Michael Raffl and loses puck.
16:50 of 1st period - Shot by Michael Raffl.
16:50 of 1st period - Deflect By Luke Kunin.
16:50 of 1st period - Stopped by Ben Bishop without a rebound.
16:51 of 1st period - Marcus Johansson wins face-off versus Mathew Barzal in Jets zone.
16:54 of 1st period - Shot by Brandon Sutter.
16:54 of 1st period - Deflect By Marcus Johansson.
16:54 of 1st period - Stopped by Ben Bishop without a rebound.
16:55 of 1st period - Marcus Johansson wins face-off versus Mathew Barzal in Jets zone.
16:55 of 1st period - Brandon Sutter is hit by Nikita Zaitsev and loses puck.
17:04 of 1st period - Brandon Sutter is hit by Mathew Barzal and loses puck.
17:40 of 1st period - Icing by Josh Manson.
17:41 of 1st period - Marcus Johansson wins face-off versus Brock Nelson in Ducks zone.
18:12 of 1st period - Icing by Josh Manson.
18:13 of 1st period - Joel Eriksson Ek wins face-off versus Marcus Johansson in Ducks zone.
18:13 of 1st period - Joel Eriksson Ek is hit by Calvin de Haan.
18:28 of 1st period - Scott Laughton is hit by Calvin de Haan and loses puck.
18:54 of 1st period - Scott Laughton is hit by Calvin de Haan and loses puck.
19:31 of 1st period - Shot by Mathew Barzal.
19:31 of 1st period - Stopped by Antti Raanta with a rebound.
19:34 of 1st period - Mats Zuccarello is hit by Calvin de Haan and loses puck.
Goals for this period are 1 for Ducks vs 2 for Jets.
Shots for this period are 7 for Ducks vs 17 for Jets.

2nd period


0:01 of 2nd period - Brock Nelson wins face-off versus Derek Stepan in neutral zone.
0:11 of 2nd period - Minor Penalty to Calvin de Haan for Holding Stick.
0:12 of 2nd period - Derek Stepan wins face-off versus Mathew Barzal in Ducks zone.
0:59 of 2nd period - Keith Yandle is hit by Marcus Johansson and loses puck.
1:36 of 2nd period - Shot by Bryan Rust.
1:36 of 2nd period - Stopped by Antti Raanta without a rebound.
1:37 of 2nd period - Bryan Rust wins face-off versus Derek Stepan in Ducks zone.
1:48 of 2nd period - Shot by Patrik Nemeth.
1:48 of 2nd period - Shot Misses the Net.
1:50 of 2nd period - Shot by Hampus Lindholm.
1:50 of 2nd period - Goal by Hampus Lindholm - Ducks : 1 - Jets : 3.
1:51 of 2nd period - Marcus Johansson wins face-off versus Tim Schaller in neutral zone.
2:38 of 2nd period - Shot by Scott Laughton.
2:38 of 2nd period - Deflect By Joel Eriksson Ek.
2:38 of 2nd period - Shot Misses the Net.
3:02 of 2nd period - Kyle Turris is hit by Scott Laughton and loses puck.
3:47 of 2nd period - Kyle Turris is hit by Jaccob Slavin and loses puck.
4:27 of 2nd period - Shot by Derek Stepan.
4:27 of 2nd period - Shot Misses the Net.
5:15 of 2nd period - Shot by Kasperi Kapanen.
5:15 of 2nd period - Stopped by Antti Raanta without a rebound.
5:16 of 2nd period - Jacob de La Rose wins face-off versus Scott Laughton in Ducks zone.
5:21 of 2nd period - Shot by Anders Lee.
5:21 of 2nd period - Shot Misses the Net.
5:31 of 2nd period - Shot by Nick Schmaltz.
5:31 of 2nd period - Shot Misses the Net.
5:33 of 2nd period - Shot by Jaccob Slavin.
5:33 of 2nd period - Stopped by Antti Raanta with a rebound.
6:11 of 2nd period - Shot by Zach Parise.
6:11 of 2nd period - Shot Hit the Post.
6:23 of 2nd period - Shot by Marcus Johansson.
6:23 of 2nd period - Shot Blocked by Brock Nelson.
6:25 of 2nd period - Shot by Brandon Sutter.
6:25 of 2nd period - Stopped by Ben Bishop without a rebound.
6:26 of 2nd period - Kyle Turris wins face-off versus Evgenii Dadonov in Jets zone.
6:26 of 2nd period - Tomas Nosek is hit by Hampus Lindholm and loses puck.
6:30 of 2nd period - Tomas Nosek is hit by Nikita Zaitsev and loses puck.
6:48 of 2nd period - Icing by Mats Zuccarello.
6:49 of 2nd period - Marcus Johansson wins face-off versus Mats Zuccarello in Jets zone.
7:03 of 2nd period - Artem Anisimov is hit by Nikita Zaitsev and loses puck.
7:14 of 2nd period - Shot by Brandon Sutter.
7:14 of 2nd period - Deflect By Artem Anisimov.
7:14 of 2nd period - Stopped by Ben Bishop without a rebound.
7:15 of 2nd period - Derek Stepan wins face-off versus Brock Nelson in Jets zone.
7:26 of 2nd period - Derek Stepan is hit by Bryan Rust and loses puck.
7:59 of 2nd period - Minor Penalty to Luke Schenn for Tripping.
8:00 of 2nd period - Mats Zuccarello wins face-off versus Derek Stepan in Ducks zone.
8:19 of 2nd period - Shot by Mathew Barzal.
8:19 of 2nd period - Shot Misses the Net.
8:21 of 2nd period - Shot by Hampus Lindholm.
8:21 of 2nd period - Shot Misses the Net.
8:35 of 2nd period - Shot by Hampus Lindholm.
8:35 of 2nd period - Stopped by Antti Raanta without a rebound.
8:36 of 2nd period - Brett Connolly wins face-off versus Brock Nelson in Ducks zone.
8:58 of 2nd period - Shot by Keith Yandle.
8:58 of 2nd period - Shot Blocked by Derek Forbort.
9:24 of 2nd period - Shot by Hampus Lindholm.
9:24 of 2nd period - Shot Blocked by T.J. Brodie.
9:32 of 2nd period - Shot by Evgenii Dadonov.
9:32 of 2nd period - Shot Blocked by T.J. Brodie.
9:34 of 2nd period - Shot by Patrik Nemeth.
9:34 of 2nd period - Shot Misses the Net.
9:40 of 2nd period - Shot by Hampus Lindholm.
9:40 of 2nd period - Shot Blocked by Derek Forbort.
10:47 of 2nd period - Icing by Artem Anisimov.
10:48 of 2nd period - Mikko Koivu wins face-off versus Marcus Johansson in Ducks zone.
11:30 of 2nd period - Icing by Brandon Sutter.
11:31 of 2nd period - Brock Nelson wins face-off versus Marcus Johansson in Ducks zone.
11:32 of 2nd period - Shot by Zach Parise.
11:32 of 2nd period - Stopped by Antti Raanta without a rebound.
11:33 of 2nd period - Brock Nelson wins face-off versus Kyle Turris in Ducks zone.
11:37 of 2nd period - Minor Penalty to Luke Schenn for Roughing.
11:38 of 2nd period - Derek Stepan wins face-off versus Brock Nelson in Ducks zone.
13:06 of 2nd period - Off-side.
13:07 of 2nd period - Brock Nelson wins face-off versus Derek Stepan in neutral zone.
13:10 of 2nd period - Shot by Hampus Lindholm.
13:10 of 2nd period - Shot Misses the Net.
13:12 of 2nd period - Shot by Patrik Nemeth.
13:12 of 2nd period - Shot Blocked by Derek Forbort.
13:14 of 2nd period - Shot by Brock Nelson.
13:14 of 2nd period - Stopped by Antti Raanta without a rebound.
13:15 of 2nd period - Marcus Johansson wins face-off versus Zach Parise in Ducks zone.
13:27 of 2nd period - Derek Stepan is hit by Bryan Rust and loses puck.
13:58 of 2nd period - Shot by Jack Roslovic.
13:58 of 2nd period - Stopped by Ben Bishop with a rebound.
14:00 of 2nd period - Shot by Luke Schenn.
14:00 of 2nd period - Shot Misses the Net.
14:36 of 2nd period - Shot by Marcus Johansson.
14:36 of 2nd period - Shot Blocked by Patrik Nemeth.
14:46 of 2nd period - Shot by Marcus Johansson.
14:46 of 2nd period - Stopped by Ben Bishop without a rebound.
14:47 of 2nd period - Brock Nelson wins face-off versus Derek Stepan in Jets zone.
15:02 of 2nd period - Shot by Luke Kunin.
15:02 of 2nd period - Shot Misses the Net.
15:04 of 2nd period - Shot by Luke Kunin.
15:04 of 2nd period - Shot Misses the Net.
15:06 of 2nd period - Shot by Derek Stepan.
15:06 of 2nd period - Stopped by Ben Bishop without a rebound.
15:07 of 2nd period - Mikko Koivu wins face-off versus Jacob de La Rose in Jets zone.
15:21 of 2nd period - Jacob de La Rose is hit by Mikko Koivu and loses puck.
15:26 of 2nd period - Shot by Jacob de La Rose.
15:26 of 2nd period - Stopped by Ben Bishop without a rebound.
15:27 of 2nd period - Derek Stepan wins face-off versus Brock Nelson in Jets zone.
15:33 of 2nd period - Shot by Derek Stepan.
15:33 of 2nd period - Shot Misses the Net.
17:15 of 2nd period - Shot by Artem Anisimov.
17:15 of 2nd period - Stopped by Ben Bishop without a rebound.
17:16 of 2nd period - Joel Eriksson Ek wins face-off versus Kyle Turris in Jets zone.
17:16 of 2nd period - Joel Eriksson Ek is hit by Tomas Nosek.
17:47 of 2nd period - Jack Roslovic is hit by Nikita Zaitsev and loses puck.
18:01 of 2nd period - Michael Raffl is hit by Hampus Lindholm and loses puck.
18:32 of 2nd period - Shot by Michael Raffl.
18:32 of 2nd period - Stopped by Ben Bishop without a rebound.
18:33 of 2nd period - Zach Parise wins face-off versus Jacob de La Rose in Jets zone.
18:50 of 2nd period - Shot by Brock Nelson.
18:50 of 2nd period - Deflect By Zach Parise.
18:50 of 2nd period - Stopped by Antti Raanta without a rebound.
18:51 of 2nd period - Marcus Johansson wins face-off versus Mathew Barzal in Ducks zone.
19:10 of 2nd period - Shot by Brandon Sutter.
19:10 of 2nd period - Stopped by Ben Bishop without a rebound.
19:11 of 2nd period - Brock Nelson wins face-off versus Derek Stepan in Jets zone.
19:29 of 2nd period - Shot by Zach Parise.
19:29 of 2nd period - Shot Blocked by Derek Forbort.
19:31 of 2nd period - Shot by Zach Parise.
19:31 of 2nd period - Stopped by Antti Raanta without a rebound.
19:32 of 2nd period - Mathew Barzal wins face-off versus Jacob de La Rose in Ducks zone.
19:39 of 2nd period - Shot by Mats Zuccarello.
19:39 of 2nd period - Stopped by Antti Raanta without a rebound.
19:40 of 2nd period - Jacob de La Rose wins face-off versus Brock Nelson in Ducks zone.
19:40 of 2nd period - Jacob de La Rose is hit by Brock Nelson.
19:43 of 2nd period - Icing by Calvin de Haan.
19:44 of 2nd period - Brock Nelson wins face-off versus Anders Lee in Ducks zone.
Goals for this period are 0 for Ducks vs 1 for Jets.
Shots for this period are 9 for Ducks vs 10 for Jets.

3rd period


0:01 of 3rd period - Derek Stepan wins face-off versus Brock Nelson in neutral zone.
1:15 of 3rd period - Shot by Evgenii Dadonov.
1:15 of 3rd period - Shot Misses the Net.
1:17 of 3rd period - Shot by Mats Zuccarello.
1:17 of 3rd period - Stopped by Antti Raanta without a rebound.
1:18 of 3rd period - Marcus Johansson wins face-off versus Mikko Koivu in Ducks zone.
1:36 of 3rd period - Kasperi Kapanen is hit by Brandon Sutter and loses puck.
1:40 of 3rd period - Tim Schaller is hit by Luke Schenn and loses puck.
1:50 of 3rd period - Off-side.
1:51 of 3rd period - Mathew Barzal wins face-off versus Jacob de La Rose in neutral zone.
2:21 of 3rd period - Shot by Jacob de La Rose.
2:21 of 3rd period - Shot Blocked by Mats Zuccarello.
2:23 of 3rd period - Shot by Derek Forbort.
2:23 of 3rd period - Shot Misses the Net.
3:51 of 3rd period - Shot by Luke Kunin.
3:51 of 3rd period - Stopped by Ben Bishop without a rebound.
3:52 of 3rd period - Brock Nelson wins face-off versus Marcus Johansson in Jets zone.
5:18 of 3rd period - Shot by Brett Connolly.
5:18 of 3rd period - Stopped by Ben Bishop without a rebound.
5:19 of 3rd period - Mikko Koivu wins face-off versus Derek Stepan in Jets zone.
6:06 of 3rd period - Shot by Zach Parise.
6:06 of 3rd period - Stopped by Antti Raanta with a rebound.
6:08 of 3rd period - Shot by Zach Parise.
6:08 of 3rd period - Shot Blocked by Tucker Poolman.
6:10 of 3rd period - Shot by Brock Nelson.
6:10 of 3rd period - Deflect By Bryan Rust.
6:10 of 3rd period - Stopped by Antti Raanta without a rebound.
6:11 of 3rd period - Joel Eriksson Ek wins face-off versus Jacob de La Rose in Ducks zone.
6:11 of 3rd period - Joel Eriksson Ek is hit by Calvin de Haan.
6:22 of 3rd period - Scott Laughton is hit by Calvin de Haan and loses puck.
6:36 of 3rd period - Shot by Hampus Lindholm.
6:36 of 3rd period - Stopped by Antti Raanta with a rebound.
6:44 of 3rd period - Shot by Jacob de La Rose.
6:44 of 3rd period - Goal by Jacob de La Rose - Ducks : 2 - Jets : 3.
6:45 of 3rd period - Brock Nelson wins face-off versus Marcus Johansson in neutral zone.
6:50 of 3rd period - Shot by Bryan Rust.
6:50 of 3rd period - Stopped by Antti Raanta without a rebound.
6:51 of 3rd period - Brock Nelson wins face-off versus Marcus Johansson in Ducks zone.
6:56 of 3rd period - Shot by Brock Nelson.
6:56 of 3rd period - Shot Misses the Net.
6:58 of 3rd period - Shot by Zach Parise.
6:58 of 3rd period - Deflect By Brock Nelson.
6:58 of 3rd period - Shot Misses the Net.
7:00 of 3rd period - Shot by Patrik Nemeth.
7:00 of 3rd period - Stopped by Antti Raanta without a rebound.
7:01 of 3rd period - Derek Stepan wins face-off versus Mathew Barzal in Ducks zone.
7:28 of 3rd period - Shot by Mathew Barzal.
7:28 of 3rd period - Deflect By Evgenii Dadonov.
7:28 of 3rd period - Stopped by Antti Raanta without a rebound.
7:29 of 3rd period - Brock Nelson wins face-off versus Jacob de La Rose in Ducks zone.
8:37 of 3rd period - Shot by Brandon Sutter.
8:37 of 3rd period - Deflect By Marcus Johansson.
8:37 of 3rd period - Stopped by Ben Bishop without a rebound.
8:38 of 3rd period - Derek Stepan wins face-off versus Mathew Barzal in Jets zone.
8:41 of 3rd period - Shot by Derek Stepan.
8:41 of 3rd period - Stopped by Ben Bishop without a rebound.
8:42 of 3rd period - Mathew Barzal wins face-off versus Derek Stepan in Jets zone.
8:49 of 3rd period - Shot by Josh Manson.
8:49 of 3rd period - Stopped by Ben Bishop without a rebound.
8:50 of 3rd period - Evgenii Dadonov wins face-off versus Luke Kunin in Jets zone.
9:01 of 3rd period - Josh Manson is hit by Mathew Barzal.
9:06 of 3rd period - Off-side.
9:07 of 3rd period - Marcus Johansson wins face-off versus Joel Eriksson Ek in neutral zone.
9:14 of 3rd period - Shot by Artem Anisimov.
9:14 of 3rd period - Shot Misses the Net.
9:16 of 3rd period - Shot by Derek Forbort.
9:16 of 3rd period - Shot Misses the Net.
9:26 of 3rd period - Shot by Brandon Sutter.
9:26 of 3rd period - Stopped by Ben Bishop without a rebound.
9:27 of 3rd period - Derek Stepan wins face-off versus Mathew Barzal in Jets zone.
9:40 of 3rd period - Shot by Evgenii Dadonov.
9:40 of 3rd period - Shot Misses the Net.
9:42 of 3rd period - Shot by Mats Zuccarello.
9:42 of 3rd period - Shot Blocked by Josh Manson.
9:45 of 3rd period - Mats Zuccarello is hit by Josh Manson and loses puck.
10:28 of 3rd period - Icing by Jay Bouwmeester.
10:29 of 3rd period - Brock Nelson wins face-off versus Jacob de La Rose in Jets zone.
10:29 of 3rd period - Brock Nelson is hit by Jacob de La Rose.
10:36 of 3rd period - Brock Nelson is hit by Derek Forbort and loses puck.
10:43 of 3rd period - Shot by Zach Parise.
10:43 of 3rd period - Stopped by Antti Raanta without a rebound.
10:44 of 3rd period - Marcus Johansson wins face-off versus Joel Eriksson Ek in Ducks zone.
11:27 of 3rd period - Icing by Nikita Zaitsev.
11:28 of 3rd period - Joel Eriksson Ek wins face-off versus Jacob de La Rose in Jets zone.
11:28 of 3rd period - Joel Eriksson Ek is hit by Jacob de La Rose.
11:33 of 3rd period - Off-side.
11:34 of 3rd period - Brock Nelson wins face-off versus Jacob de La Rose in neutral zone.
11:45 of 3rd period - Minor Penalty to Calvin de Haan for Hooking.
11:46 of 3rd period - Derek Stepan wins face-off versus Mathew Barzal in Ducks zone.
12:03 of 3rd period - Shot by Keith Yandle.
12:03 of 3rd period - Deflect By Evgenii Dadonov.
12:03 of 3rd period - Stopped by Antti Raanta without a rebound.
12:04 of 3rd period - Derek Stepan wins face-off versus Brock Nelson in Ducks zone.
12:04 of 3rd period - Derek Stepan is hit by Bryan Rust.
12:51 of 3rd period - Icing by Brock Nelson.
12:52 of 3rd period - Derek Stepan wins face-off versus Brock Nelson in Jets zone.
15:25 of 3rd period - Derek Stepan is hit by Mats Zuccarello.
15:35 of 3rd period - Shot by Mathew Barzal.
15:35 of 3rd period - Stopped by Antti Raanta with a rebound.
15:37 of 3rd period - Shot by Mathew Barzal.
15:37 of 3rd period - Stopped by Antti Raanta without a rebound.
15:38 of 3rd period - Brock Nelson wins face-off versus Jacob de La Rose in Ducks zone.
15:57 of 3rd period - Shot by Brett Connolly.
15:57 of 3rd period - Deflect By Anders Lee.
15:57 of 3rd period - Stopped by Ben Bishop without a rebound.
15:58 of 3rd period - Derek Stepan wins face-off versus Mikko Koivu in Jets zone.
16:02 of 3rd period - Icing by Jay Bouwmeester.
16:03 of 3rd period - Derek Stepan wins face-off versus Mikko Koivu in Jets zone.
17:01 of 3rd period - Shot by Zach Parise.
17:01 of 3rd period - Goal by Zach Parise - Ducks : 2 - Jets : 4.
17:02 of 3rd period - Jacob de La Rose wins face-off versus Mathew Barzal in neutral zone.
17:17 of 3rd period - Shot by Anders Lee.
17:17 of 3rd period - Stopped by Ben Bishop without a rebound.
17:18 of 3rd period - Brock Nelson wins face-off versus Marcus Johansson in Jets zone.
17:18 of 3rd period - Brock Nelson is hit by Artem Anisimov.
17:24 of 3rd period - Artem Anisimov is hit by Zach Parise and loses puck.
17:57 of 3rd period - Shot by Zach Parise.
17:57 of 3rd period - Shot Misses the Net.
18:00 of 3rd period - Zach Parise is hit by Luke Schenn.
19:07 of 3rd period - Icing by Calvin de Haan.
19:08 of 3rd period - Joel Eriksson Ek wins face-off versus Jacob de La Rose in Ducks zone.
Goals for this period are 1 for Ducks vs 1 for Jets.
Shots for this period are 9 for Ducks vs 12 for Jets.